 Dungeon Crawl Stone Soup version 0.18-b1-2-gd0c887e (webtiles) character file.

5462 Laan the Destroyer (level 10, 0/50 HPs)
             Began as a Deep Elf Fire Elementalist on Apr 28, 2016.
             Was a Priest of Vehumet.
             Slain by Erica
             ... wielding a +0 scimitar of flaming
              (15 damage)
             ... on level 10 of the Dungeon.
             The game lasted 00:34:23 (11115 turns).

Laan the Destroyer (Deep Elf Fire Elementalist)    Turns: 11115, Time: 00:34:24

Health: 0/50       AC:  7    Str:  5    XL:     10   Next: 41%
Magic:  20/27      EV: 13    Int: 24    God:    Vehumet [***...]
Gold:   592        SH:  0    Dex: 15    Spells: 4 memorised, 19 levels left

rFire  . . .     SeeInvis .     n - +1 whip (freeze)
rCold  . . .     Gourm    .     C - +2 robe {Archmagi}
rNeg   . . .     Faith    .     (no shield)
rPois  .         Spirit   .     (no helmet)
rElec  .         Dismiss  .     h - +1 cloak {+Inv}
rCorr  +         Reflect  .     z - +0 pair of gloves
SustAt .         Harm     .     (no boots)
MR     +....                    (no amulet)
Stlth  ++........               F - ring of wizardry
                                r - ring of resist corrosion

@: lethally poisoned (0 -> -4), somewhat resistant to hostile enchantments,
unstealthy
A: no striking features
a: Renounce Religion, Evoke Invisibility


You were on level 10 of the Dungeon.
You worshipped Vehumet.
Vehumet was most pleased with you.
You were very hungry.

You visited 2 branches of the dungeon, and saw 11 of its levels.

You collected 642 gold pieces.
You spent 50 gold pieces at shops.

Inventory:

Hand Weapons
 n - a +1 whip of freezing (weapon)
 t - a +0 dagger of venom
Missiles
 f - 6 javelins (quivered)
Armour
 h - a +1 cloak of invisibility (worn)
 z - a +0 pair of gloves (worn)
 C - a +2 robe of the Archmagi (worn)
 E - a +1 robe of fire resistance
Jewellery
 r - a ring of resist corrosion (left hand)
 F - a ring of wizardry (right hand)
Wands
 d - a wand of disintegration (7/24)
 l - a wand of slowing (16/48)
 y - a wand of flame (22/48)
 A - a wand of paralysis (10/24)
 G - a wand of digging (9/24)
Scrolls
 e - 11 scrolls of identify
 g - 9 scrolls of remove curse
 i - a scroll of vulnerability {unknown}
 k - 5 scrolls of teleportation {unknown}
 q - 4 scrolls of enchant armour {unknown}
 u - 2 scrolls of fear {unknown}
 v - a scroll of noise {unknown}
 x - a scroll of magic mapping {unknown}
 B - a scroll of recharging {unknown}
 D - a scroll of random uselessness {unknown}
 H - a scroll of enchant weapon {unknown}
 I - a scroll of amnesia {unknown}
Potions
 a - a potion of heal wounds
 m - 2 potions of berserk rage
 o - 2 potions of lignification {unknown}
 p - a potion of brilliance {unknown}
 s - 2 potions of might
 w - a potion of invisibility {unknown}
 J - a potion of cancellation {unknown}
 K - 2 potions of haste {unknown}
Books
 b - a book of Flames

   Spells                             Type                      Level
   a - Flame Tongue                   Conjuration/Fire             1
   b - Throw Flame                    Conjuration/Fire             2
   c - Conjure Flame                  Conjuration/Fire             3
   d - Inner Flame                    Hexes/Fire                   3
   e - Sticky Flame                   Conjuration/Fire             4
   f - Fireball                       Conjuration/Fire             5
Comestibles
 c - 3 bread rations
 j - 4 meat rations


   Skills:
 - Level 2.4 Dodging
 - Level 2.4 Stealth
 + Level 11.6 Spellcasting
 * Level 13.5 Conjurations
 - Level 3.2 Fire Magic


You had 19 spell levels left.
You knew the following spells:

 Your Spells              Type           Power        Failure   Level  Hunger
a - Flame Tongue          Conj/Fire      #####        1%          1    None
b - Conjure Flame         Conj/Fire      ######..     1%          3    None
c - Sticky Flame          Conj/Fire      ######..     1%          4    None
d - Fireball              Conj/Fire      ######....   1%          5    ####...


Dungeon Overview and Level Annotations

Branches:
Dungeon (10/15)            Temple (1/1) D:6             Orc (0/2) D:9
   Lair: D:8-11

Altars:
Ashenzari
Cheibriados
Dithmenos
Fedhas
Gozag
Makhleb
Nemelex Xobeh
Okawaru
Pakellas
Qazlal
Ru
Vehumet
Xom
Yredelemnul
The Shining One

Shops:
D:6 !   D:9 [

Annotations:
D:4 smzp's ghost, novice OpMo
D:10 exclusion: orange crystal statue, Erica


Message History

Aiming: Sticky Flame
Press: ? - help, Shift-Dir - straight line, f - Erica
Aim: Erica, wielding a scimitar of flaming and wearing a robe (unusually strong)
You feel a surge of power!
The sticky flame hits Erica.
Erica is lightly wounded.
Erica is covered in liquid flames!
You feel sick.
Erica burns!
You feel sick.
Erica burns!
You feel sick.
Erica burns!
Erica stops burning.
Erica gestures at you while chanting. You resist with some effort.
Casting: Sticky Flame
Confirm with . or Enter, or press ? or * to list all spells.
Aiming: Sticky Flame
Press: ? - help, Shift-Dir - straight line, f/p - Erica
Aim: Erica, wielding a scimitar of flaming and wearing a robe (moderately wounded, unusually strong)
You feel a surge of power!
The sticky flame hits Erica.
Erica is heavily wounded.
Erica is covered in liquid flames!
You feel sick.
Erica burns!
Erica hits you with a scimitar of flaming!
You die...

#.....# #.....# #.....#
#.....# ####### #.....#
......# #.....#
<.....############.....#
.......................#
................@@.....#
.......................#
...#################...#
.### ...# .# ...# .#
...# . ..#


You could see Erica (burning).

Vanquished Creatures
  Pikel (D:5)
  A troll (D:9)
  Prince Ribbit (D:5)
  A wyvern (D:9)
  Eustachio (D:6)
  2 hippogriffs
  A steam dragon (D:5)
  Duvessa (D:6)
  A water moccasin (D:6)
  4 ice beasts
  2 slaves (D:5)
  5 orc warriors
  A sky beast (D:6)
  5 ogres
  2 black bears (D:9)
  A centaur (D:8)
  A big kobold (D:7)
  3 giant frogs
  A gnoll sergeant (D:8)
  Dowan (D:6)
  A wyvern skeleton (D:7)
  A scorpion (D:5)
  4 howler monkeys
  4 crimson imps
  5 hounds
  2 jellies
  3 orc priests
  13 orc wizards
  Crazy Yiuf (D:5)
  2 iguanas (D:6)
  5 worker ants
  A killer bee zombie (D:5)
  A hound zombie (D:6)
  A hound skeleton (D:6)
  A worker ant zombie (D:5)
  11 gnolls
  15 adders
  2 shadow imps
  An adder skeleton (D:6)
  2 worms (D:2)
  2 dart slugs
  5 giant geckos
  61 orcs
  4 giant cockroaches
  9 goblins
  4 hobgoblins
  5 jackals
  5 quokkas
  6 bats
  A giant gecko zombie (D:7)
  8 giant newts
  A jackal zombie (D:7)
  11 kobolds
  A quokka zombie (D:9)
  7 rats
  A fungus (D:5)
243 creatures vanquished.

Vanquished Creatures (others)
  A giant gecko skeleton (D:5)
1 creature vanquished.

Grand Total: 244 creatures vanquished

Notes
Turn   | Place    | Note
--------------------------------------------------------------
     0 | D:1      | Laan the Deep Elf Fire Elementalist began the quest for the Orb.
     0 | D:1      | Reached XP level 1. HP: 10/10 MP: 6/6
   427 | D:1      | Reached XP level 2. HP: 15/15 MP: 6/8
   429 | D:1      | Reached skill level 2 in Conjurations
  1101 | D:2      | Reached XP level 3. HP: 19/19 MP: 5/10
  1213 | D:2      | Reached skill level 3 in Conjurations
  1309 | D:2      | Reached XP level 4. HP: 23/24 MP: 2/12
  1635 | D:2      | Reached skill level 4 in Conjurations
  2129 | D:3      | Learned a level 3 spell: Conjure Flame
  2134 | D:3      | Learned a level 4 spell: Sticky Flame
  2145 | D:3      | Reached XP level 5. HP: 28/28 MP: 11/13
  2580 | D:4      | Reached skill level 5 in Conjurations
  2804 | D:4      | Noticed an ogre
  2818 | D:3      | Killed an ogre
  2818 | D:3      | Reached skill level 5 in Spellcasting
  2818 | D:3      | Reached XP level 6. HP: 19/32 MP: 3/16
  3012 | D:4      | Noticed smzp's ghost (novice OpMo)
  3312 | D:4      | Reached skill level 6 in Conjurations
  3841 | D:5      | Entered Level 5 of the Dungeon
  3841 | D:5      | Noticed a steam dragon
  3852 | D:5      | Killed a steam dragon
  3852 | D:5      | Reached skill level 7 in Conjurations
  3852 | D:5      | Reached XP level 7. HP: 20/36 MP: 13/18
  4194 | D:5      | Noticed Prince Ribbit
  4202 | D:5      | Killed Prince Ribbit
  4202 | D:5      | Reached skill level 8 in Conjurations
  4628 | D:5      | Noticed Pikel
  4744 | D:5      | Killed Pikel
  4744 | D:5      | Reached skill level 9 in Conjurations
  4744 | D:5      | Reached XP level 8. HP: 36/41 MP: 0/22
  4935 | D:5      | Noticed Crazy Yiuf
  4943 | D:5      | Killed Crazy Yiuf
  5516 | D:6      | Reached skill level 10 in Conjurations
  5898 | D:6      | Noticed Eustachio
  5908 | D:6      | Killed Eustachio
  5984 | D:6      | Found a staircase to the Ecumenical Temple.
  5994 | Temple   | Entered the Ecumenical Temple
  6002 | Temple   | Became a worshipper of Vehumet
  6013 | D:6      | Reached XP level 9. HP: 33/45 MP: 21/24
  6040 | D:6      | Learned a level 5 spell: Fireball
  6243 | D:6      | Noticed Duvessa
  6252 | D:6      | Noticed Dowan
  6254 | D:6      | Killed Duvessa
  6290 | D:6      | Killed Dowan
  6290 | D:6      | Reached skill level 11 in Conjurations
  6899 | D:6      | Found Hozevi Ehui's Distillery.
  6907 | D:6      | Bought a potion of heal wounds for 50 gold pieces
  7671 | D:7      | Reached * piety under Vehumet
  7671 | D:7      | Offered knowledge of Magic Dart by Vehumet.
  7707 | D:7      | Found a shimmering altar of Xom.
  7768 | D:7      | Reached skill level 10 in Spellcasting
  8044 | D:7      | Reached skill level 12 in Conjurations
  8944 | D:8      | Reached ** piety under Vehumet
  9119 | D:8      | Offered knowledge of Sting by Vehumet.
  9437 | D:8      | Reached XP level 10. HP: 50/50 MP: 23/26
  9455 | D:8      | Found a shadowy altar of Dithmenos.
  9576 | D:8      | Found a sacrificial altar of Ru.
  9576 | D:8      | Found a stormy altar of Qazlal.
  9577 | D:8      | Found a snail-covered altar of Cheibriados.
  9578 | D:8      | Found an oddly glowing altar of Pakellas.
  9629 | D:8      | Found a sparkling altar of Nemelex Xobeh.
 10000 | D:9      | Found Teliet's Armour Emporium.
 10055 | D:9      | Reached skill level 13 in Conjurations
 10066 | D:9      | Offered knowledge of Dazzling Spray by Vehumet.
 10398 | D:9      | Found an iron altar of Okawaru.
 10559 | D:9      | Reached *** piety under Vehumet
 10603 | D:9      | Found a staircase to the Orcish Mines.
 10634 | D:9      | Offered knowledge of Airstrike by Vehumet.
 11091 | D:10     | Entered Level 10 of the Dungeon
 11091 | D:10     | Noticed an orange crystal statue
 11106 | D:10     | Noticed Erica
 11115 | D:10     | Slain by Erica

Skill      XL: |  1  2  3  4  5  6  7  8  9 10 |
---------------+-------------------------------+-----
Conjurations   | 2 3 4 5 7 9 10 12 13 | 13.5
Spellcasting   | 4 5 6 8 9 10 11 | 11.6
Dodging        | |  2.4
Stealth        | |  2.4
Fire Magic     | |  3.2

Action                   |  1- 3 |  4- 6 |  7- 9 | 10-12 || total
-------------------------+-------+-------+-------+-------++-------
Melee: Dagger            |       |     3 |    25 |       ||    28
       Whip              |       |       |   119 |    33 ||   152
Throw: Javelin           |       |    17 |     5 |       ||    22
 Cast: Flame Tongue      |    52 |   115 |   205 |   109 ||   481
       Sticky Flame      |       |     6 |    34 |    14 ||    54
       Conjure Flame     |       |     1 |     2 |     1 ||     4
       Fireball          |       |       |       |     4 ||     4
  Use: Potion            |       |       |     2 |       ||     2
       Scroll            |       |       |     1 |     1 ||     2
 Stab: Sleeping          |       |       |     2 |       ||     2
  Eat: Chunk             |     1 |     8 |    11 |     4 ||    24
       Fruit             |       |       |     2 |       ||     2
       Pizza             |       |       |     1 |       ||     1
       Beef jerky        |       |       |     4 |       ||     4
Armor: Robe              |     6 |    11 |    62 |    18 ||    97
Dodge: Dodged            |    11 |    21 |   116 |    49 ||   197
